 Dungeon Crawl Stone Soup version 0.25.0-15-gac7dcb8919 (webtiles) character file.

Game seed: 1430899625849536880

40 EriolAelfwine the Digger (level 3, -1/28 HPs)
             Began as a Ghoul Earth Elementalist on June 29, 2020.
             Slain by a leopard gecko (2 damage)
             ... on level 2 of the Dungeon.
             The game lasted 00:03:12 (1604 turns).

EriolAelfwine the Digger (Ghoul Earth Elementalist) Turns: 1604, Time: 00:03:12

Health: -1/28      AC:  2    Str: 12    XL:     3   Next: 50%
Magic:  5/5        EV: 12    Int: 10    God:
Gold:   29         SH:  0    Dex:  9    Spells: 5/6 levels left

rFire    . . .     SeeInvis .     - Unarmed
rCold    + . .     Gourm    .   (no shield)
rNeg     + + +     Faith    .   c - +0 robe
rPois    ∞         Spirit   .   (no helmet)
rElec    .         Reflect  .   (no cloak)
rCorr    .         Harm     .   (no gloves)
MR       .....                  (no boots)
Stlth    ++........             (no amulet)
HPRegen  0.00/turn              (no ring)
MPRegen  0.09/turn              (no ring)

@: rotting
A: rotting body, claws 1, carnivore, cold resistance 1, negative energy
resistance 3, inhibited regeneration, torment resistance, unbreathing
a: no special abilities


You were on level 2 of the Dungeon.
You were not hungry.

You visited 1 branch of the dungeon, and saw 2 of its levels.

You collected 29 gold pieces.

Inventory:

Missiles
 b - 89 stones (quivered)
Armour
 c - a +0 robe (worn)
Scrolls
 a - a scroll of remove curse {unknown}
 f - a scroll of enchant armour {unknown}
Potions
 e - 2 potions of magic {unknown}
 g - a potion of curing {unknown}
 i - a potion of brilliance {unknown}
Comestibles
 d - 3 rations
 h - 5 chunks of flesh


   Skills:
 + Level 1.1 Fighting
 + Level 2.1 Dodging
 - Level 2.1 Stealth
 * Level 1.8 Unarmed Combat
 + Level 2.0 Spellcasting
   Level 0.8 Transmutations
 + Level 3.6 Earth Magic


You had 5 spell levels left.
You knew the following spells:

 Your Spells              Type           Power        Failure   Level  Hunger
a - Sandblast             Erth           #.....       7%          1    ##.....

Your spell library contained the following spells:

 Spells                   Type           Power        Failure   Level  Hunger
 Passwall                 Tmut/Erth      #.......     19%         2    ###....
 Stone Arrow              Conj/Erth      #.....       41%         3    ####...
 Petrify                  Tmut/Erth      #.......     77%         4    #####..
 Lee's Rapid Deconstruct  Erth           #.........   89%         5    ######.


Dungeon Overview and Level Annotations

Branches:
Dungeon (2/15)

Altars:


Innate Abilities, Weirdness & Mutations

Your body is rotting away.
You thrive on raw meat.
You are immune to poison.
You have sharp fingernails.
You are carnivorous and can eat meat at any time.
Your flesh is cold resistant. (rC+)
You are immune to negative energy. (rN+++)
You do not regenerate when monsters are visible.
You are immune to unholy pain and torment.
You can survive without breathing.


Message History

You miss the leopard gecko.
The leopard gecko is severely wounded.
The leopard gecko barely misses you.
You barely miss the leopard gecko.
The leopard gecko is severely wounded.
The leopard gecko completely misses you.
The leopard gecko bites you.
* * * LOW HITPOINT WARNING * * *
You barely miss the leopard gecko.
The leopard gecko is severely wounded.
The leopard gecko bites you.
* * * LOW HITPOINT WARNING * * *
You barely miss the leopard gecko.
The leopard gecko is severely wounded.
The leopard gecko bites you.
* * * LOW HITPOINT WARNING * * *
You closely miss the leopard gecko. Your claw misses the leopard gecko.
The leopard gecko is severely wounded.
The leopard gecko bites you.
You die...

#÷#.# #......#.## #.....#
#.#.# ##.......# #####.#
#÷#.# ###.###.# #.#
#÷#.######.###+# #.#
#..........##...## #.#
##.#########.....## ####.#
#.#.## ##.......## ##.##.#
##....####.....l...####...#.#
.........+......@..'........#
##....####.........####...#.#
#<#.## ##.......## ##.##.#
#.### ##.....## ####.# #.#
##...## #.# #.# ##+# #.# #..
..# #.# .## ..#


You could see a leopard gecko.

Vanquished Creatures
  2 oozes
  3 dart slugs (D:1)
  A ball python (D:2)
  A giant cockroach (D:2)
  2 goblins (D:1)
  4 hobgoblins (D:1)
  3 bats
  2 frilled lizards (D:1)
  3 kobolds
  5 rats
26 creatures vanquished.

Notes
Turn   | Place    | Note
-------+----------+-------------------------------------------
     0 | D:1      | EriolAelfwine the Ghoul Earth Elementalist began the quest
                  | for the Orb.
     0 | D:1      | Reached XP level 1. HP: 14/14 MP: 2/2
   273 | D:1      | Reached XP level 2. HP: 10/21 MP: 0/3
   455 | D:1      | Reached skill level 1 in Unarmed Combat
  1047 | D:1      | Reached XP level 3. HP: 26/26 MP: 4/4
  1094 | D:1      | Reached skill level 1 in Fighting
  1603 | D:2      | HP: 1/28 [leopard gecko (4)]
  1604 | D:2      | Slain by a leopard gecko

Illustrated notes

Levels and vault maps discovered:
D:1:      dpeg_arrival_round_c, layout_basic
D:2:      minmay_door_path, layout_loops_corners

Skill      XL: |  1  2  3 |
---------------+----------+-----
Unarmed Combat | 1 |  1.8
Dodging        | 2 |  2.1
Fighting       | 1 |  1.1
Spellcasting   | 2 |  2.0
Stealth        | |  2.1
Transmutations | |  0.8
Earth Magic    | |  3.6

Action                   || total
-------------------------++-------
Melee: Unarmed           ||   107
 Cast: Sandblast         ||     4
 Stab: Sleeping          ||     1
  Eat: Chunk             ||     8
Armor: Robe              ||    15
Dodge: Dodged            ||    63
